 Dungeon Crawl Stone Soup version 0.20.0-8-g6b59dc7 (webtiles) character file.

1848 Gorglomux the Transmogrifier (level 9, 0/71 HPs)
             Began as a Merfolk Transmuter on May 31, 2017.
             Was a Believer of Cheibriados.
             Slain by Rekenzichi's ghost (8 damage)
             ... on level 7 of the Dungeon.
             The game lasted 00:10:32 (6479 turns).

Gorglomux the Transmogrifier (Merfolk Transmuter)   Turns: 6479, Time: 00:10:33

Health: 0/71       AC:  4    Str: 15    XL:     9   Next: 12%
Magic:  13/16      EV: 13    Int: 20    God:    Cheibriados [**....]
Gold:   218        SH:  0    Dex: 20    Spells: 7/18 levels left

rFire    . . .     SeeInvis .     - Unarmed
rCold    . . .     Gourm    .   (shield currently unavailable)
rNeg     . . .     Faith    .   b - +0 robe
rPois    .         Spirit   .   (no helmet)
rElec    .         Reflect  .   m - +0 cloak
rCorr    +         Harm     .   (gloves currently unavailable)
MR       .....                  V - +0 pair of boots
Stlth    ++........             (no amulet)
Regen    0.3/turn               g - ring of resist corrosion
MPRegen  0.2/turn               (no ring)

@: blade hands (expiring), very slow
A: change form in water, swift swim, stealthy swim
a: End Transformation, Bend Time, Renounce Religion


You were on level 7 of the Dungeon.
You worshipped Cheibriados.
Cheibriados was pleased with you.
You were hungry.
You had blades for hands.
You visited 1 branch of the dungeon, and saw 8 of its levels.
You also visited: Sewer.

You collected 218 gold pieces.

Inventory:

Missiles
 a - 93 arrows
 Z - 2 throwing nets (quivered)
Armour
 b - a +0 robe (worn)
 m - a +0 cloak (worn)
 V - a +0 pair of boots (worn)
Jewellery
 g - a ring of resist corrosion (left scythe-like blade)
Wands
 A - a wand of acid (6/15)
 L - a wand of lightning (4/15)
Scrolls
 h - a scroll of recharging
 j - 6 scrolls of remove curse {unknown}
 o - a scroll of amnesia {unknown}
 E - a scroll of random uselessness {unknown}
 G - a scroll of summoning {unknown}
 J - 2 scrolls of teleportation {unknown}
 M - a scroll of magic mapping
 R - a scroll of identify
 S - 2 scrolls of noise {unknown}
 T - a scroll of immolation {unknown}
 X - 2 scrolls of enchant weapon {unknown}
 Y - a scroll of fear {unknown}
Potions
 F - a potion of cancellation {unknown}
 H - a potion of brilliance {unknown}
 I - a potion of resistance {unknown}
 K - a potion of magic {unknown}
 P - 3 potions of flight {unknown}
 Q - 5 potions of curing
 U - a potion of invisibility
 W - a potion of ambrosia {unknown}
Books
 c - a book of Changes

   Spells                             Type                      Level
   a - Beastly Appendage              Transmutation                1
   b - Sticks to Snakes               Transmutation                2
   c - Spider Form                    Transmutation/Poison         3
   d - Ice Form                       Ice/Transmutation            4
   e - Blade Hands                    Transmutation                5
Comestibles
 d - 6 bread rations
 i - 6 fruits
 z - 2 meat rations
 O - 2 royal jellies


   Skills:
 + Level 6.5 Fighting
 - Level 2.6 Dodging
 + Level 7.3 Unarmed Combat
 + Level 5.1 Spellcasting
 + Level 8.1 Transmutations


You had 7 spell levels left.
You knew the following spells:

 Your Spells              Type           Power        Failure   Level  Hunger
a - Beastly Appendage     Tmut           #####.       11%         1    None
b - Sticks to Snakes      Tmut           #####...     13%         2    None
c - Spider Form           Tmut/Pois      ###.......   36%         3    ##.....
d - Blade Hands           Tmut           #####.....   47%         5    #####..


Dungeon Overview and Level Annotations

Branches:
Dungeon (8/15)             Temple (0/1) D:4
   Lair: D:8-11

Altars:
Cheibriados
Hepliaklqana
Kikubaaqudgha
Makhleb
Ru
Uskayaw
Xom
Yredelemnul
Zin

Annotations:
D:7 Rekenzichi's ghost, novice DrGl
D:8 Monsterracer's ghost, novice DDFi


Message History

You kill the bullfrog!
Cheibriados appreciates the change of pace.
Unknown command.
You hit Rekenzichi's ghost.
Rekenzichi's ghost is lightly damaged.
Your transformation is almost over.
Rekenzichi's ghost hits you!
You barely miss Rekenzichi's ghost. Your slash misses Rekenzichi's ghost.
Rekenzichi's ghost is lightly damaged.
Rekenzichi's ghost hits you!
Unknown command.
You slash Rekenzichi's ghost! Your slash misses Rekenzichi's ghost.
Rekenzichi's ghost is lightly damaged.
Rekenzichi's ghost hits you!
* * * LOW HITPOINT WARNING * * *
Unknown command.
Rekenzichi's ghost hits you!
* * * LOW HITPOINT WARNING * * *
Rekenzichi's ghost hits you!
You die...

*,,,#..,,,,,,,,,,#>............
*,,,*..###########............_
******#....$.......####........
#...........,#..'........
#...†.......,#..#........
**#...........,#..######...
#....#†#########..# #...
#...,#............# #...
#..,,#...W@.......# #...
*****#.,,,#............# #...
*,,,..,,,,#............# ####
*,,,.,,,,,#...##..###..#
*,,,,,****######..###..#
*,,,,,* #........# *,,,,,*
#........## *,,,,,* #.........#
*,,,,,* #.........#


You could see Rekenzichi's ghost.

Vanquished Creatures
  Grinder (D:6)
  Eustachio (D:4)
  A sky beast (D:7)
  2 ogres
  2 phantoms (D:4)
  A big kobold (Sewer)
  2 bullfrogs
  3 killer bees (D:7)
  A howler monkey (D:6)
  3 crimson imps
  A jelly (D:6)
  5 orc priests (D:6)
  2 orc wizards (D:6)
  A bullfrog skeleton (D:6)
  2 iguanas
  2 worker ants (D:6)
  Robin (D:2)
  3 adders
  3 gnolls (D:5)
  2 river rats
  An ooze (D:2)
  An adder zombie (D:5)
  A worm (D:3)
  6 leopard geckos
  9 orcs
  7 giant cockroaches
  13 goblins
  4 hobgoblins (D:2)
  2 jackals (Sewer)
  10 kobolds
  A quokka (D:4)
  7 bats
  2 frilled lizards
  A leopard gecko skeleton (D:5)
  A leopard gecko zombie (D:6)
  14 rats
119 creatures vanquished.

Vanquished Creatures (collateral kills)
  A wyvern (D:8)
  An adder (D:4)
2 creatures vanquished.

Grand Total: 121 creatures vanquished

Notes
Turn   | Place    | Note
-------+----------+-------------------------------------------
     0 | D:1      | Gorglomux the Merfolk Transmuter began the quest for the Orb.
     0 | D:1      | Reached XP level 1. HP: 15/15 MP: 3/3
   158 | D:1      | Reached skill level 3 in Transmutations
   190 | D:1      | Reached XP level 2. HP: 15/21 MP: 1/5
   562 | D:2      | Learned a level 2 spell: Sticks to Snakes
   737 | D:2      | Reached XP level 3. HP: 26/27 MP: 6/6
   789 | D:2      | Noticed Robin
   825 | D:2      | Killed Robin
   942 | D:2      | Learned a level 3 spell: Spider Form
  1230 | D:2      | Reached XP level 4. HP: 31/33 MP: 7/7
  1244 | D:2      | Found a glowing silver altar of Zin.
  1244 | D:2      | Found a snail-covered altar of Cheibriados.
  1324 | D:2      | Became a worshipper of Cheibriados the Contemplative
  2148 | D:3      | Reached skill level 4 in Transmutations
  2387 | D:3      | Found a hazy altar of Hepliaklqana.
  2436 | D:3      | Found a sacrificial altar of Ru.
  2526 | D:4      | Noticed a phantom
  2582 | D:4      | Killed a phantom
  2582 | D:4      | Reached skill level 3 in Fighting
  2582 | D:4      | Reached XP level 5. HP: 18/41 MP: 3/8
  2620 | D:4      | Found a staircase to the Ecumenical Temple.
  2620 | D:4      | Noticed Eustachio
  2635 | D:4      | HP: 2/41 [shadow imp[Eustachio] (4)]
  2638 | D:4      | Killed Eustachio
  2638 | D:4      | Reached skill level 5 in Transmutations
  2638 | D:4      | Reached XP level 6. HP: 3/48 MP: 6/10
  2922 | D:4      | Noticed a phantom
  2957 | D:4      | Killed a phantom
  2957 | D:4      | Reached * piety under Cheibriados
  2957 | D:4      | Reached skill level 3 in Spellcasting
  3150 | D:4      | Learned a level 5 spell: Blade Hands
  3349 | D:5      | Entered Level 5 of the Dungeon
  3467 | D:5      | Reached XP level 7. HP: 54/54 MP: 7/11
  3708 | D:5      | Found a glowing drain.
  3712 | Sewer    | Entered a sewer
  4021 | Sewer    | Found a glowing silver altar of Zin.
  4241 | D:5      | Found an ancient bone altar of Kikubaaqudgha.
  4336 | D:5      | You fall through a shaft for 3 floors!
  4354 | D:8      | Noticed a wyvern
  4366 | D:8      | Killed a wyvern
  4366 | D:8      | Reached skill level 6 in Transmutations
  4367 | D:8      | Noticed Monsterracer's ghost (novice DDFi)
  4401 | D:7      | Noticed Rekenzichi's ghost (novice DrGl)
  4440 | D:7      | Reached skill level 6 in Unarmed Combat
  4465 | D:7      | Reached XP level 8. HP: 59/61 MP: 9/13
  4514 | D:6      | Noticed Grinder
  4524 | D:6      | Killed Grinder
  5396 | D:6      | Reached ** piety under Cheibriados
  5396 | D:6      | Reached skill level 7 in Transmutations
  5492 | D:6      | Found a hide-covered altar of Uskayaw.
  5501 | D:6      | Found a burning altar of Makhleb.
  5748 | D:6      | Found a shimmering altar of Xom.
  5961 | D:6      | Reached skill level 6 in Fighting
  6422 | D:7      | Found a basalt altar of Yredelemnul.
  6460 | D:7      | Reached XP level 9. HP: 69/69 MP: 10/16
  6471 | D:7      | Reached skill level 8 in Transmutations
  6479 | D:7      | Slain by Rekenzichi's ghost

Skill      XL: |  1  2  3  4  5  6  7  8  9 |
---------------+----------------------------+-----
Transmutations | 3 4 5 6 7 8 |  8.1
Unarmed Combat | 4 5 6 7 |  7.3
Fighting       | 2 3 4 6 |  6.5
Spellcasting   | 3 4 5 |  5.1
Dodging        | |  2.6

Action                   |  1- 3 |  4- 6 |  7- 9 || total
-------------------------+-------+-------+-------++-------
Melee: Unarmed           |   111 |   115 |   198 ||   424
       Headbutt          |     9 |     2 |     1 ||    12
       Punch             |     3 |       |     1 ||     4
       Tailslap          |       |       |     1 ||     1
 Cast: Beastly Appendage |    12 |     3 |     3 ||    18
       Spider Form       |     2 |    14 |    26 ||    42
       Sticks to Snakes  |       |     4 |     3 ||     7
       Blade Hands       |       |       |     1 ||     1
  Use: Potion            |     3 |       |       ||     3
       Scroll            |       |     3 |     1 ||     4
 Stab: Distracted        |       |     1 |       ||     1
       Sleeping          |       |       |     3 ||     3
  Eat: Chunk             |     1 |     8 |     7 ||    16
       Royal jelly       |       |     1 |       ||     1
Armor: Robe              |    23 |    16 |    24 ||    63
       Skin              |     5 |     4 |     8 ||    17
Dodge: Dodged            |    91 |   109 |   145 ||   345
